 Dungeon Crawl Stone Soup version 0.31-a0-426-g3a05650e59 (webtiles) character file.

Game seed: 4989134592040212968

157 hashsling the Stinger (level 5, 0/39 HPs)
             Began as a Merfolk Venom Mage on July 30, 2023.
             Succumbed to an orc's curare-tipped dart
             ... on level 3 of the Dungeon.
             The game lasted 00:11:30 (2824 turns).

hashsling the Stinger (Merfolk Venom Mage)          Turns: 2824, Time: 00:11:31

Health: 0/39       AC:  3    Str:  8    XL:     5   Next: 38%
Magic:  8/8        EV: 13    Int: 16    God:
Gold:   102        SH:  0    Dex: 15    Spells: 1/8 levels left

rFire   . . .        d - +3 short sword
rCold   . . .        (no shield)
rNeg    . . .        a - +0 robe
rPois   .            h - +0 helmet
rElec   .            (no cloak)
rCorr   .            (no gloves)
SInv    .            (no boots)
Will    .....        (no amulet)
Stlth   ++           e - ring of flight
HPRegen 0.26/turn    (no ring)
MPRegen 0.11/turn

%: no passive effects
@: lethally poisoned (0 -> -1), flying, slowed, very slow
A: (nimble swimmer 2), mertail
a: no special abilities


You were on level 3 of the Dungeon.
You visited 1 branch of the dungeon, and saw 4 of its levels.

You collected 102 gold pieces.

Inventory:

Hand Weapons
 d - a +3 short sword (weapon)
 i - a +0 trident
Armour
 a - a +0 robe (worn)
 h - a +0 helmet (worn)
Jewellery
 e - a ring of flight (left hand)
Scrolls
 f - a scroll of poison {unknown}
 g - a scroll of revelation {unknown}
 j - a scroll of teleportation {unknown}
 k - 3 scrolls of identify
 l - a scroll of amnesia {unknown}
 m - a scroll of enchant armour {unknown}
Potions
 b - a potion of magic


   Skills:
 + Level 2.5 Fighting
 + Level 0.9 Armour
 - Level 3.0 Dodging
 - Level 2.1 Stealth
 - Level 2.0 Spellcasting
 - Level 2.0 Transmutations
 * Level 5.2 Poison Magic


You had one spell level left.
You knew the following spells:

 Your Spells              Type           Power      Damage    Failure   Level
a - Sting                 Tmut/Pois      52%        1d5       4%          1
b - Poisonous Vapours     Pois/Air       20%        N/A       11%         2
c - Olgreb's Toxic Radia  Pois           18%        N/A       24%         4

Your spell library contained the following spells:

 Spells                   Type           Power      Damage    Failure   Level
 Lesser Beckoning         Tloc           2%         N/A       30%         2
 Mephitic Cloud           Conj/Pois/Air  7%         N/A       30%         3
 Gell's Gravitas          Tloc           1%         N/A       52%         3
 Teleport Other           Tloc           1%         N/A       52%         3


Dungeon Overview and Level Annotations

Branches:
Dungeon (4/15)
 Temple: D:4-7

Altars:
Qazlal
Uskayaw
Xom

Shops:
D:1 (


Innate Abilities, Weirdness & Mutations

((You are very nimble when in or above water. (Stealth+, EV+, Speed+++)))
Your lower body shifts to a powerful aquatic tail in water.


Message History

Your extra speed is starting to run out.
You start resting.
You feel yourself slow down.
You start resting.
Magic restored.
You start resting.
HP restored.
You fly downwards.
The orc shouts!
The phantom hits you. The phantom barely misses you.
There is a stone staircase leading up here.
The orc hits you but does no damage. The phantom hits you.
You fly upwards.
There is a stone staircase leading down here.
Okay, then.
Casting: Sting (safe; 4% risk of failure)
Confirm with . or Enter, or press ? or * to list all spells.
Aiming: Sting (safe; 4% risk of failure)
Press: ? - help, Shift-Dir - straight line, f - orc
Aim: an orc, wielding a +0 falchion, wearing a +0 ring mail and quivering curare-tipped darts (75% to hit)
The sting hits the orc but does no damage.
The orc is poisoned.
The orc barely misses you. The phantom barely misses you.
The orc throws a curare-tipped dart.
The curare-tipped dart hits you.
You are poisoned.
You have difficulty breathing.
You feel yourself slow down.
As you read the scroll of fog, it dissolves into smoke.
You feel very sick. The phantom misses you. The orc attacks as you move away!
The orc hits you with a +0 falchion!
You feel very sick.
The orc looks more healthy.
The orc closely misses you.
You feel very sick. The phantom attacks as you move away!
The phantom closely misses you.
You feel sick.
Okay, then.
You feel sick.
The orc throws a curare-tipped dart.
The curare-tipped dart misses you. The phantom attacks as you move away!
The phantom hits you.
* * * LOW HITPOINT WARNING * * *
You die...

...................#...#.####.###
.................§.#.............
.##....#........§§§##....####.##.
.......###..######§§.............
........###...# #§o§§.#.........#
.........####.###.§§§..........>#
.###.###.## #..##W...##.........#
###..# #..####..#...§##.........#
#...## ##...###.@...###........##
#.#########.##.[....#...........#
#.# #....##<#..##................
#.# #.....<...##.................
#.###................##.........#
....#................########..##
....###..............##....##.##
.[......≈≈≈≈≈≈≈≈≈.>...........#
....###.≈.......≈....##....####


You could see a phantom and an orc.

Vanquished Creatures
  A hound (D:4)
  A jelly (D:4)
  4 adders
  A worm (D:4)
  A dart slug (D:1)
  7 orcs
  2 endoplasms
  A giant cockroach (D:2)
  2 goblins
  4 hobgoblins
  9 kobolds
  3 quokkas
  8 ball pythons
  3 bats
  A frilled lizard (D:1)
  5 rats
53 creatures vanquished.

Notes
Turn   | Place    | Note
-------+----------+-------------------------------------------
     0 | D:1      | hashsling the Merfolk Venom Mage began the quest for the
                  | Orb.
     0 | D:1      | Reached XP level 1. HP: 13/13 MP: 3/3
   280 | D:1      | Found a faded altar of an unknown god.
   300 | D:1      | Found Qaumogg's Weapon Emporium.
   337 | D:1      | Reached XP level 2. HP: 19/19 MP: 3/5
   907 | D:2      | Reached skill level 1 in Fighting
   907 | D:2      | Reached skill level 4 in Poison Magic
   907 | D:2      | Reached XP level 3. HP: 26/26 MP: 3/6
  1091 | D:2      | Found a stormy altar of Qazlal.
  1106 | D:2      | Learned a level 2 spell: Poisonous Vapours
  1803 | D:3      | Found a hide-covered altar of Uskayaw.
  1815 | D:3      | Reached XP level 4. HP: 33/33 MP: 5/7
  2376 | D:4      | Learned a level 4 spell: Olgreb's Toxic Radiance
  2451 | D:4      | Found a shimmering altar of Xom.
  2494 | D:4      | Reached skill level 5 in Poison Magic
  2494 | D:4      | Reached XP level 5. HP: 18/39 MP: 3/8
  2606 | D:4      | Noticed a phantom
  2649 | D:4      | HP: 1/39 [phantom (7)]
  2824 | D:3      | HP: 1/39 [phantom (4)]
  2824 | D:3      | Succumbed to an orc's curare-tipped dart

Illustrated notes

Levels and vault maps discovered:
D:1:      wheals_arrival_shading, layout_loops_ring, serial_shops, shop,
          basic_ecumenical_altar, minmay_strange_pillars
D:2:      layout_basic, basic_altar, minmay_crystal_water
D:3:      layout_rooms, mainiacjoe_overflow_brackets, item_on_display_a
D:4:      layout_rooms, mainiacjoe_overflow_alcove_1

Skill      XL: |  1  2  3  4 |
---------------+-------------+-----
Dodging        | 3 |  3.0
Transmutations | 2 |  2.0
Fighting       | 1 2 |  2.5
Poison Magic   | 4 5 |  5.2
Armour         | |  0.9
Stealth        | |  2.1
Spellcasting   | |  2.0

Action                     |  1- 3 |  4- 6 || total
---------------------------+-------+-------++-------
  Melee: Short sword       |    33 |    41 ||    74
         Punch             |       |     1 ||     1
   Cast: Sting             |    37 |    44 ||    81
         Poisonous Vapours |       |     2 ||     2
    Use: Scroll            |       |     2 ||     2
         Potion            |       |     2 ||     2
 Armour: Robe              |     3 |    10 ||    13
         Leather armour    |    10 |     1 ||    11
  Dodge: Dodged            |    34 |    59 ||    93

Table legend: (Time is in decaauts)
 A = Elapsed time spent in this place.
 B = Non-inter-level travel time spent in this place.
 C = Inter-level travel time spent in this place.
 D = Time resting spent in this place.
 E = Time spent auto-exploring this place.
 F = Levels seen in this place.
 G = Mean time per level.
                   A        B        C        D        E       F      G
               +--------+--------+--------+--------+--------+-----+--------+
         Total |   2801 |   2744 |     57 |    131 |   2101 |   4 |  700.2 |
       Dungeon |   2801 |   2744 |     57 |    131 |   2101 |   4 |  700.2 |
               +--------+--------+--------+--------+--------+-----+--------+

Top non-repeatable levels by time:
     D:2: 931 daAuts
     D:1: 848 daAuts
     D:3: 702 daAuts
     D:4: 318 daAuts
